 Dungeon Crawl Stone Soup version 0.18-a0-739-gdae9da8 (webtiles) character file.

65 cluie the Insei (level 3, 2/25 HPs)
             Began as a Demonspawn Transmuter on Dec 10, 2015.
             Quit the game on level 2 of the Dungeon.
             The game lasted 00:01:56 (1236 turns).

cluie the Insei (Demonspawn Transmuter)             Turns: 1236, Time: 00:01:56

Health: 2/25       AC:  4    Str: 10    XL:     3   Next: 92%
Magic:  1/6        EV: 12    Int: 14    God:
Gold:   51         SH:  0    Dex: 14    Spells: 2 memorised, 3 levels left

rFire  . . .     SeeInvis .       - Unarmed
rCold  . . .     Clarity  .     b - +0 robe
rNeg   . . .     SustAt   .     (no shield)
rPois  .         Gourm    .     o - +1 hat
rElec  .         Spirit   +     (no cloak)
rCorr  .         Dismiss  .     (no gloves)
rMut   .         Stasis   .     e - +0 pair of boots (curse)
MR     +....                    (no amulet)
Stlth  +.........               (no ring)
                                (no ring)

@: lethally poisoned (2 -> -8), appendage, very slightly contaminated, hasted,
invisible, very quick, somewhat resistant to hostile enchantments, very
unstealthy
A: horns 2, frail 1, magic resistance 1, wild magic 1, magic shield
a: End Transformation


You were on level 2 of the Dungeon.
You were not hungry.
You had grown temporary horns.
You visited 1 branch of the dungeon, and saw 2 of its levels.

You collected 51 gold pieces.

Inventory:

Missiles
 a - 26 arrows
 q - 10 arrows of flame
Armour
 b - a +0 robe (worn)
 e - a cursed +0 pair of boots (worn)
 o - a +1 hat (worn)
Scrolls
 i - a scroll of remove curse {unknown}
 k - a scroll of fog {unknown}
 m - 3 scrolls of identify {unknown}
 n - a scroll of recharging {unknown}
 p - a scroll of enchant weapon {unknown}
Books
 c - a book of Changes

   Spells                             Type                      Level
   a - Beastly Appendage              Transmutation                1
   b - Sticks to Snakes               Transmutation                2
   c - Spider Form                    Transmutation/Poison         3
   d - Ice Form                       Ice/Transmutation            4
   e - Blade Hands                    Transmutation                5
Comestibles
 d - 2 bread rations
 f - 2 chunks of flesh
 g - 3 fruits
 j - a beef jerky


   Skills:
 + Level 2.4 Fighting
 + Level 2.2 Dodging
 * Level 3.5 Unarmed Combat
 - Level 2.0 Spellcasting
 - Level 1.7 Transmutations


You had 3 spell levels left.
You knew the following spells:

 Your Spells              Type           Power        Failure   Level  Hunger
a - Beastly Appendage     Trmt           #.....       26%         1    ##.....
b - Sticks to Snakes      Trmt           #.......     34%         2    ###....


Dungeon Overview and Level Annotations

Branches:
Dungeon (2/15)

Altars:
Ashenzari


Innate Abilities, Weirdness & Mutations

When hurt, damage is shared between your health and your magic reserves.
You have a pair of horns on your head.
You are frail (-10% HP).
You are resistant to hostile enchantments.
Your spells are a little harder to cast, but a little more powerful.


Message History

You feel resistant to hostile enchantments.
You feel less in control of your magic. The bat hits you but does no damage.
Your adder closely misses the adder.
The adder misses you.
Unknown command.
Drink which item? (? for menu, Esc to quit)
It was a potion of haste.
You feel yourself speed up.
* * * LOW HITPOINT WARNING * * *
You feel sick. The bat completely misses you.
Your adder barely misses the adder.
The adder bites you.
* * * LOW HITPOINT WARNING * * *
You are more poisoned.
The adder poisons you! The bat closely misses your adder.
You are very lightly contaminated with residual magic.
Drink which item? (? for menu, Esc to quit)
It was a potion of invisibility.
You fade into invisibility!
The bat barely misses you.
Your adder completely misses the adder.
The adder closely misses you.
Are you sure you want to abandon this character and quit the game? (Confirm with "yes".)

######'#.##...############..#
#.†.................##.#
###.###############.##.# #.#
.. #.##.## #.# .# #.##..# #.#
.# ###.#.... #.######.#
###...#.#.#
#...S....##...#.#.#.#.#
###.bS@.....# #.###.#..
...[..###.....# #.#......
..... #.#####.#.#.#.#.. $...
#......[#.#.#†#.# ..?
###.#####.#.#.... ..
#.......#.#.... #
#.#######.#.... #.# #)#....
#.# ###...#+#


You could see an adder, a bat and a friendly adder.

Vanquished Creatures
  2 adders (D:2)
  4 giant geckos
  A ball python (D:1)
  3 giant cockroaches
  5 goblins
  4 hobgoblins
  3 kobolds
  A quokka (D:2)
  4 bats
  3 giant newts
  5 jackals
  5 rats
40 creatures vanquished.

Notes
Turn   | Place    | Note
--------------------------------------------------------------
     0 | D:1      | cluie the Demonspawn Transmuter began the quest for the Orb.
     0 | D:1      | Reached XP level 1. HP: 15/15 MP: 3/3
    75 | D:1      | Reached skill level 3 in Unarmed Combat
   100 | D:1      | Gained mutation: When hurt, damage is shared between your health and your magic reserves. [demonic ancestry]
   100 | D:1      | Reached XP level 2. HP: 9/21 MP: 5/5
   788 | D:2      | Learned a level 2 spell: Sticks to Snakes
   825 | D:2      | Reached XP level 3. HP: 14/27 MP: 4/6
   885 | D:2      | Found a shattered altar of Ashenzari.
  1233 | D:2      | Gained mutation: You are frail (-10% HP). [potion of mutation]
  1233 | D:2      | Gained mutation: You are resistant to hostile enchantments. [potion of mutation]
  1233 | D:2      | Gained mutation: Your spells are a little harder to cast, but a little more powerful. [potion of mutation]
  1236 | D:2      | Quit the game

Vault maps used:
D:1:      lemuel_arrival_river_ford
D:2:      grunt_dithmenos_smoke, ashenzari_altar_1, uniq_sigmund

Action                   || total
-------------------------++-------
Melee: Unarmed           ||   155
 Cast: Beastly Appendage ||     5
       Sticks to Snakes  ||     1
  Use: Potion            ||     4
 Stab: Sleeping          ||     3
  Eat: Chunk             ||     1
